 Dungeon Crawl Stone Soup version 0.27.1-1-g398f81649c (webtiles) character file.

Game seed: 14213176948606539689

82 Crownlay the Chopper (level 4, 0/39 HPs)
             Began as a Hill Orc Fighter on Sept 9, 2021.
             Killed from afar by Natasha (6 damage)
             ... with a magic dart
             ... on level 3 of the Dungeon.
             The game lasted 00:03:12 (2196 turns).

Crownlay the Chopper (Hill Orc Fighter)             Turns: 2196, Time: 00:03:13

Health: 0/39       AC:  9    Str: 19    XL:     4   Next: 43%
Magic:  4/4        EV:  9    Int:  8    God:
Gold:   74         SH:  0    Dex: 10    Spells: 3/3 levels left

rFire    . . .     SeeInvis .   a - +0 war axe
rCold    . . .     Faith    .   (no shield)
rNeg     . . .     Spirit   .   b - +0 scale mail
rPois    .         Reflect  .   (no helmet)
rElec    .         Harm     .   (no cloak)
rCorr    .         Rampage  .   f - +0 pair of gloves
Will     .....                  m - +0 pair of boots
Stlth    ..........             (no amulet)
HPRegen  0.13/turn              (no ring)
MPRegen  0.09/turn              (no ring)

@: no status effects
A: no striking features
a: no special abilities


You were on level 3 of the Dungeon.
You visited 1 branch of the dungeon, and saw 3 of its levels.

You collected 74 gold pieces.

Inventory:

Hand Weapons
 a - a +0 war axe (weapon)
Missiles
 k - 12 poisoned darts (quivered)
Armour
 b - a +0 scale mail (worn)
 c - a +0 kite shield
 f - a +0 pair of gloves (worn)
 m - a +0 pair of boots (worn)
Scrolls
 e - a scroll of vulnerability {unknown}
 h - a scroll of fog {unknown}
 j - 2 scrolls of enchant armour {unknown}
 l - a scroll of identify {unknown}
 n - a scroll of blinking {unknown}
 o - a scroll of amnesia {unknown}
Potions
 d - a potion of might
 g - 2 potions of curing {unknown}


   Skills:
 - Level 3.6 Fighting
 + Level 6.0 Axes
 - Level 3.2 Armour
 - Level 3.2 Shields


You had 3 spell levels left.
You didn't know any spells.
Your spell library was empty.

Dungeon Overview and Level Annotations

Branches:
Dungeon (3/15)

Altars:

Annotations:
D:3 Natasha


Message History

The white imp gestures at you. The puff of frost hits you.
* * * LOW HITPOINT WARNING * * *
Throw: 3 javelins
Press: ? - help, Q - select action, (/) - cycle Shift-Dir - straight line, f/p - white imp
Aim: a white imp (lightly wounded, summoned, 56% to hit)
You throw a javelin.
The javelin closely misses the white imp.
The javelin barely misses Natasha.
The javelin barely misses the white imp.
The crimson imp closely misses you.
The white imp hits you but does no damage.
The crimson imp hits you but does no damage.
Throw: 2 javelins
Press: ? - help, Q - select action, (/) - cycle Shift-Dir - straight line, f/p - white imp
Aim: a white imp (lightly wounded, summoned, 56% to hit)
You throw a javelin.
The javelin pierces through the white imp.
The white imp is heavily wounded.
The javelin barely misses Natasha.
The javelin pierces through the white imp.
The white imp is heavily wounded.
The white imp hits you but does no damage.
The crimson imp blinks!
The white imp hits you.
* * * LOW HITPOINT WARNING * * *
The white imp freezes you.
* * * LOW HITPOINT WARNING * * *
Throw: javelin
Press: ? - help, Q - select action, (/) - cycle Shift-Dir - straight line, f/p - white imp
Aim: a white imp (heavily wounded, summoned, 56% to hit)
You throw a javelin.
The javelin pierces through the white imp!
You kill the white imp!
The javelin barely misses Natasha.
The javelin closely misses the white imp.
The javelin pierces through the crimson imp!
The crimson imp is severely wounded.
Natasha stares at you and mumbles some strange words.
The magic dart hits you.
You die...

##.....#.# #..#
#.#.####### #..#
#..........
#^.###.#.#######
#......#.#
#.######.# #.#
... #§# #.. #@#
#... #†# #.#.
#h# #5# #5# #.#
#.# #(#


You could see Natasha, a crimson imp (summoned) and a white imp (summoned).

Vanquished Creatures
  4 adders
  2 dart slugs
  A ball python (D:1)
  5 endoplasms (D:1)
  7 giant cockroaches
  4 jackals (D:1)
  10 bats
  A frilled lizard (D:2)
  3 kobolds
  5 rats
  A spectral hobgoblin (D:1)
43 creatures vanquished.

Notes
Turn   | Place    | Note
-------+----------+-------------------------------------------
     0 | D:1      | Crownlay the Hill Orc Fighter began the quest for the Orb.
     0 | D:1      | Reached XP level 1. HP: 19/19 MP: 1/1
    23 | D:1      | Reached skill level 3 in Axes
   154 | D:1      | Reached XP level 2. HP: 26/26 MP: 2/2
   246 | D:1      | Reached skill level 4 in Axes
   289 | D:1      | Found a faded altar of an unknown god.
   747 | D:1      | Reached XP level 3. HP: 31/31 MP: 3/3
  1381 | D:2      | Reached skill level 5 in Axes
  1766 | D:2      | Reached XP level 4. HP: 39/39 MP: 4/4
  2020 | D:3      | Reached skill level 6 in Axes
  2183 | D:3      | Noticed Natasha
  2196 | D:3      | Killed from afar by Natasha

Illustrated notes

Levels and vault maps discovered:
D:1:      erik_arrival_cave_to_civilisation [erik_arrival_cave_to_hall],
          layout_loops_ring, dreamdust_ecumenical_altar_drowned_temple,
          patterned_corridor
D:2:      layout_basic
D:3:      layout_loops_ring, makhleb_altar_promises_db, gammafunk_ghost_icy,
          uniq_natasha

Skill      XL: |  1  2  3  4 |
---------------+-------------+-----
Axes           | 3 4 5 6 |  6.0
Fighting       | |  3.6
Armour         | |  3.2
Shields        | |  3.2

Action                   |  1- 3 |  4- 6 || total
-------------------------+-------+-------++-------
Melee: War axe           |    94 |    23 ||   117
Throw: Javelin           |     9 |     7 ||    16
Armor: Scale mail        |    74 |    23 ||    97
Dodge: Dodged            |    86 |    13 ||    99
